 Dungeon Crawl Stone Soup version 0.27-a0-1281-ge233d83751 (webtiles) character file.

Game seed: 6731504584661752535

2224 solopath the Spear-Bearer (level 9, -15/62 HPs)
             Began as a Demonspawn Gladiator on June 14, 2021.
             Was a Follower of Ashenzari.
             Shot with a sling bullet by Joseph (18 damage)
             ... on level 7 of the Dungeon.
             The game lasted 00:15:54 (8331 turns).

solopath the Spear-Bearer (Demonspawn Gladiator)    Turns: 8331, Time: 00:15:55

Health: -15/62     AC:  8    Str: 15    XL:     9   Next: 13%
Magic:  9/9        EV: 13    Int: 13    God:    Ashenzari [*.....]
Gold:   527        SH:  6    Dex: 14    Spells: 8/8 levels left

rFire    . . .     SeeInvis .   n - +0 trident (vorpal)
rCold    + . .     Faith    .   (no shield)
rNeg     . . .     Spirit   .   y - +2 steam dragon scales of the Restrained Comet {Self, Cun} (curse)
rPois    .         Reflect  .   c - +0 helmet of Ashenzari's Fallacy {Fort, Range} (curse)
rElec    .         Harm     .   (no cloak)
rCorr    .         Rampage  .   (no gloves)
Will     .....                  (no boots)
Stlth    +.........             (no amulet)
HPRegen  0.20/turn              l - ring of protection from cold
MPRegen  0.11/turn              (no ring)

@: no status effects
A: talons 1, large bone plates 2, demonic guardian 1
a: Renounce Religion, Shatter the Chains


You were on level 7 of the Dungeon.
You worshipped Ashenzari.
Ashenzari was aware of your devotion.
You visited 1 branch of the dungeon, and saw 7 of its levels.
You also visited: Sewer.

You collected 527 gold pieces.

Inventory:

Hand Weapons
 a - a +0 trident
 n - a +0 vorpal trident (weapon)
Missiles
 w - 25 poisoned darts (quivered)
 z - 10 boomerangs
Armour
 c - the cursed +0 helmet of Ashenzari's Fallacy (worn) {Fort, Range}

   It has a curse which improves the following skills: Fortitude: Armour and
   Shields.
   Ranged Combat: Slings, Bows, Crossbows and Throwing.
 u - a +0 buckler
 y - the cursed +2 steam dragon scales of the Restrained Comet (worn) {Self, Cun}
   (You found it on level 5 of the Dungeon)

   It has a curse which improves the following skills: Introspection: Fighting
   and Spellcasting.
   Cunning:   Dodging and Stealth.
Jewellery
 l - a ring of protection from cold (left hand)
 t - a ring of magical power
 v - a +6 ring of strength
Wands
 g - a wand of digging (7)
 j - a wand of iceblast (18)
 k - a wand of polymorph (11)
 B - a wand of paralysis (5)
Scrolls
 f - 8 scrolls of identify
 i - 8 scrolls of teleportation
 p - a scroll of blinking
 q - a scroll of fear
 r - 3 scrolls of fog
 s - 2 scrolls of vulnerability
 x - 2 scrolls of brand weapon
Potions
 b - a potion of cancellation
 d - a potion of heal wounds
 e - 2 potions of lignification
 m - 5 potions of flight
 o - a potion of invisibility
 A - a potion of brilliance


   Skills:
 - Level 2.0(2.8) Fighting
 + Level 11.3 Polearms
 - Level 1.7(2.5) Throwing
 - Level 2.6(3.5) Dodging


You had 8 spell levels left.
You didn't know any spells.
Your spell library contained the following spells:

 Spells                   Type           Power      Damage    Failure   Level
 Beastly Appendage        Tmut           0%         N/A       30%         1
 Corona                   Hex            0%         N/A       30%         1
 Foxfire                  Conj/Fire      0%         2x1d4     30%         1
 Ensorcelled Hibernation  Hex/Ice        0%         N/A       43%         2
 Poisonous Vapours        Pois/Air       0%         N/A       43%         2
 Wereblood                Tmut           0%         N/A       43%         2
 Confusing Touch          Hex            0%         N/A       67%         3
 Conjure Flame            Conj/Fire      0%         6-21      67%         3
 Dazzling Flash           Conj/Hex       0%         N/A       67%         3
 Inner Flame              Hex/Fire       0%         N/A       67%         3
 Mephitic Cloud           Conj/Pois/Air  0%         N/A       67%         3
 Spider Form              Tmut/Pois      0%         N/A       67%         3
 Tukima's Dance           Hex            0%         N/A       67%         3
 Ice Form                 Ice/Tmut       0%         N/A       97%         4
 Sticky Flame             Conj/Fire      0%         2d3       97%         4
 Fireball                 Conj/Fire      0%         3d3       100%        5
 Freezing Cloud           Conj/Ice/Air   0%         6-21      100%        5


Dungeon Overview and Level Annotations

Branches:
Dungeon (7/15)              Sewer (visited)
 Temple: D:4-7

Altars:
Ashenzari
Gozag
Nemelex Xobeh
Uskayaw
Xom

Annotations:
D:7 Joseph


Innate Abilities, Weirdness & Mutations

You have sharp toenails.
You are mostly covered in large bone plates. (SH +6)
A weak demonic guardian rushes to your aid.


Message History

You block Joseph's attack.
You hit Joseph but do no damage. You claw Joseph, but do no damage.
Joseph is severely wounded.
Joseph hits you with a +0 quarterstaff.
A demonic guardian appears!
You hit Joseph but do no damage. You claw Joseph, but do no damage.
Joseph is severely wounded.
You hit Joseph but do no damage. Your kick misses Joseph.
Joseph is severely wounded.
Joseph hits you with a +0 quarterstaff!
* * * LOW HITPOINT WARNING * * *
You puncture Joseph! Your kick misses Joseph.
Joseph is almost dead.
Your quasit bites Joseph but does no damage.
Your quasit barely misses Joseph.
Your quasit claws Joseph but does no damage.
Joseph hits you with a +0 quarterstaff!
* * * LOW HITPOINT WARNING * * *
Your quasit bites Joseph but does no damage.
Your quasit barely misses Joseph.
Your quasit claws Joseph but does no damage.
Joseph unwields a +0 quarterstaff.
Joseph wields a +0 hunting sling.
Joseph shoots a sling bullet.
The sling bullet hits you.
* * * LOW HITPOINT WARNING * * *
Your quasit bites Joseph but does no damage.
Your quasit claws Joseph but does no damage.
Your quasit barely misses Joseph.
Unknown command.
Reach: n) +0 trident (vorpal)
Press: ? - help, Dir - move target, f/p - Joseph
Aim: Joseph, wielding a +0 hunting sling, wearing a +4 ring mail of fire resistance and quivering sling bullets (severely wounded, ally target, about 32% to evade your +0 vorpal trident)
You reach to attack!
You hit Joseph.
Joseph is almost dead.
Reach: n) +0 trident (vorpal)
Press: ? - help, Dir - move target, f/p - Joseph
Aim: Joseph, wielding a +0 hunting sling, wearing a +4 ring mail of fire resistance and quivering sling bullets (almost dead, ally target, about 32% to evade your +0 vorpal trident)
You reach to attack!
You closely miss Joseph.
Joseph is almost dead.
Your quasit closely misses Joseph. x2; Your quasit barely misses Joseph.
Joseph shoots a sling bullet.
The sling bullet hits you!!
You die...

#.......)...##...##
#..##....(.......#
#..##.........#...
#...........##
#######
#..............
.......
#..............
..(....
#.......###...#
##...5##......##
....
#....@.@.......#.#
...
#.........".....$#
.#
##....#..........#
#.....#####...<...#
##...# #.......#
##.. ##......# ##
##...## ####


You could see Joseph (ally target) and a friendly quasit (summoned).

Vanquished Creatures
  Sigmund (D:2)
  Menkaure (D:7)
  A steam dragon (D:5)
  2 water moccasins
  A black bear (D:5)
  A necrophage (D:5)
  An ogre (D:5)
  4 phantoms
  2 scorpions
  A killer bee (D:5)
  3 bullfrog zombies (D:5)
  2 centaur zombies
  3 jellies (D:5)
  A hound (D:5)
  A centaur skeleton (D:5)
  Jessica (D:3)
  5 iguanas
  Terence (D:3)
  Natasha (thrice) (D:3)
  An orc wizard (D:5)
  A hound skeleton (D:5)
  8 adders
  A howler monkey skeleton (D:7)
  A shadow imp (D:7)
  3 white imps
  An adder skeleton (D:5)
  5 worms
  A dart slug (D:1)
  14 orcs
  10 bats
  9 endoplasms
  5 giant cockroaches
  2 hobgoblins (D:4)
  13 jackals
  3 kobolds
  8 quokkas
  7 ball pythons
  6 frilled lizards
  2 goblins
  4 rats
140 creatures vanquished.

Vanquished Creatures (collateral kills)
  Crazy Yiuf (D:2)
  2 endoplasms (Sewer)
  A quokka (D:5)
4 creatures vanquished.

Vanquished Creatures (others)
  A fungus (D:2)
1 creature vanquished.

Grand Total: 145 creatures vanquished

Notes
Turn   | Place    | Note
-------+----------+-------------------------------------------
     0 | D:1      | solopath the Demonspawn Gladiator began the quest for the
                  | Orb.
     0 | D:1      | Reached XP level 1. HP: 16/16 MP: 1/1
   228 | D:1      | Reached skill level 3 in Polearms
   304 | D:1      | Gained mutation: You have sharp toenails. [demonic
                  | ancestry]
   304 | D:1      | Reached XP level 2. HP: 19/22 MP: 2/2
   442 | D:1      | Found a faded altar of an unknown god.
   460 | D:1      | Became a worshipper of Ashenzari the Shackled
   915 | D:2      | Noticed Sigmund
   929 | D:2      | Killed Sigmund
   930 | D:2      | Reached skill level 5 in Polearms
   930 | D:2      | Gained mutation: A weak demonic guardian rushes to your
                  | aid. [demonic ancestry]
   930 | D:2      | Reached XP level 3. HP: 5/27 MP: 3/3
   930 | D:2      | Gained mutation: You are partially covered in large bone
                  | plates. (SH +4) [demonic ancestry]
   930 | D:2      | Reached XP level 4. HP: 7/33 MP: 4/4
   930 | D:2      | Reached XP level 5. HP: 8/38 MP: 5/5
  1444 | D:2      | Found a runed translucent door.
  1445 | D:2      | Noticed Crazy Yiuf
  2167 | D:2      | Killed Crazy Yiuf
  2603 | D:3      | Reached skill level 6 in Polearms
  2688 | D:3      | Noticed Jessica
  2692 | D:3      | Killed Jessica
  2693 | D:3      | Reached XP level 6. HP: 33/44 MP: 6/6
  2814 | D:3      | Found an opulent altar of Gozag.
  2860 | D:3      | Found a hide-covered altar of Uskayaw.
  2878 | D:3      | Noticed Terence
  2891 | D:3      | Killed Terence
  2933 | D:3      | Identified the cursed +0 helmet of Ashenzari's Fallacy
                  | {Fort, Range}
  3324 | D:3      | Noticed Natasha
  3325 | D:3      | Reached * piety under Ashenzari
  3330 | D:3      | Killed Natasha
  3489 | D:3      | Noticed Natasha
  3497 | D:3      | Killed Natasha
  3606 | D:3      | Noticed Natasha
  3610 | D:3      | Killed Natasha
  3777 | D:4      | Found a glowing drain.
  3786 | Sewer    | Entered a sewer
  3808 | Sewer    | Reached ** piety under Ashenzari
  4225 | Sewer    | Reached skill level 7 in Polearms
  4827 | D:4      | Reached XP level 7. HP: 46/50 MP: 7/7
  4982 | D:5      | Entered Level 5 of the Dungeon
  5128 | D:5      | Identified the +1 scale mail "Veuph" {rN+}
  5776 | D:5      | Found a shimmering altar of Xom.
  5883 | D:5      | Reached skill level 8 in Polearms
  6415 | D:5      | Reached skill level 9 in Polearms
  6415 | D:5      | Reached XP level 8. HP: 44/56 MP: 8/8
  6640 | D:5      | Reached skill level 10 in Polearms
  6679 | D:5      | Identified the cursed +0 cloak "Unveiling Dogma" {Bglg,
                  | Melee} (You took it off Crazy Yiuf on level 2 of the
                  | Dungeon)
  6679 | D:5      | Identified the cursed +0 leather armour of the Fated Regret
                  | {Range, Comp}
  7136 | D:6      | Found a sparkling altar of Nemelex Xobeh.
  7914 | D:7      | Reached skill level 11 in Polearms
  7930 | D:7      | Noticed Menkaure
  7934 | D:7      | Killed Menkaure
  7935 | D:7      | Gained mutation: You are mostly covered in large bone
                  | plates. (SH +6) [demonic ancestry]
  7935 | D:7      | Reached XP level 9. HP: 31/61 MP: 9/9
  8308 | D:7      | Noticed Joseph
  8329 | D:7      | HP: 3/62 [Joseph/sling bullet (2)]
  8331 | D:7      | Shot with a sling bullet by Joseph

Illustrated notes

Levels and vault maps discovered:
D:1:      zelgadis_glass_arrival_small, layout_basic,
          shapermc_ecumenical_altar_totnotflames
D:2:      layout_basic, uniq_crazy_yiuf_cottage, uniq_sigmund
D:3:      layout_rooms, nicolae_uskayaw_suspiria, lemuel_crystal_altar,
          minmay_misc_feat_doors, minmay_statues_item, uniq_jessica,
          uniq_terence, uniq_natasha
D:4:      layout_rooms, portal_sewer_entry_d, palyth_stone_intersect,
          mrwooster_statue_mirror
D:5:      kennysheep_windowed_halls, layout_loops_ring, marbit_many_paths,
          kennysheep_generic_room_6
D:6:      layout_loops_cross, nemelex_diamond_rough_becter
D:7:      minmay_angry_zag, layout_cave_pools, minmay_temple_entry_from_below_a,
          uniq_menkaure, uniq_joseph

Skill      XL: |  1  2  3  4  5  6  7  8 |
---------------+-------------------------+-----
Polearms       | 3 5 6 7 9 11 | 11.3
Fighting       | |  2.0
Throwing       | |  1.7
Dodging        | |  2.6

Action                   |  1- 3 |  4- 6 |  7- 9 || total
-------------------------+-------+-------+-------++-------
Melee: Trident           |    49 |   184 |   249 ||   482
       Kick              |     4 |    25 |    57 ||    86
       Quarterstaff      |       |     9 |       ||     9
Throw: Throwing net      |     2 |     1 |       ||     3
       Dart              |       |       |     3 ||     3
       Javelin           |       |       |     6 ||     6
Invok: Curse Item        |     1 |     2 |     1 ||     4
       Shatter the Chain |       |       |     2 ||     2
  Use: Potion            |       |     2 |     2 ||     4
       Scroll            |       |       |     2 ||     2
 Stab: Held in net/web   |     1 |     1 |       ||     2
       Sleeping          |       |     3 |       ||     3
       Distracted        |       |       |     1 ||     1
Armor: Leather armour    |     8 |    34 |    28 ||    70
       Skin              |       |     5 |    11 ||    16
       Steam dragon scal |       |       |    13 ||    13
Dodge: Dodged            |    16 |    71 |    68 ||   155
Block: Other             |       |    15 |    28 ||    43

Table legend: (Time is in decaauts)
 A = Elapsed time spent in this place.
 B = Non-inter-level travel time spent in this place.
 C = Inter-level travel time spent in this place.
 D = Time resting spent in this place.
 E = Time spent auto-exploring this place.
 F = Levels seen in this place.
 G = Mean time per level.
                   A        B        C        D        E       F      G
               +--------+--------+--------+--------+--------+-----+--------+
         Total |   8446 |   8319 |    127 |    669 |   6211 |   8 | 1055.8 |
       Dungeon |   7574 |   7447 |    127 |    669 |   5642 |   7 | 1082.0 |
         Sewer |    872 |    872 |      0 |      0 |    569 |   1 |  872.0 |
               +--------+--------+--------+--------+--------+-----+--------+

Top non-repeatable levels by time:
     D:5: 2039 daAuts
     D:2: 1752 daAuts
     D:3: 1022 daAuts
   Sewer: 872 daAuts
     D:1: 855 daAuts
     D:7: 651 daAuts
     D:4: 644 daAuts
     D:6: 609 daAuts
